AoeStats
← Gaius Marius

Arena

506310648Analyzed
1v1 RM · 17d ago on Sep 13, 2026· 25m 7s· 2 players
Game mode
Random Map
Map size
Tiny (2 player)
Population
200
Speed
Normal
Resources
Standard
Victory
Conquest
Starting age
Dark Age
Ending age
Imperial Age
RankedLock teamsTeams togetherTeam positionsShared explorationLock speedFull tech treeHidden civsTurbo modeCheats
Victory
Defeat
🇲🇽 Portuguese · Mexico
870
+16
🇺🇸 Goths · United States
869
-16
Gaius Marius
11:29 Feudal Age
15:22 Castle Age
13:43 Double-Bit Axe
14:30 Horse Collar
19:34 Scale Mail Armor
20:21 Man-at-Arms
21:00 Long Swordsman
AFK Gamer
9:07 Feudal Age
15:32 Castle Age
15:08 Loom
15:17 Loom
19:51 Double-Bit Axe
20:59 Bow Saw
20:34 Horse Collar
22:03 Town Watch
Connection lost

Rejoining the realm…

Still unreachable

The connection could not be restored.

Session expired

The server has moved on; the page needs a fresh start.